Map: Triton LE

Players

Lambo - Winner!

  • Race: Zerg Zerg
  • Spawn Location: 5:00

HeRoMaRinE

  • Race: Terran Terran
  • Spawn Location: 11:00

VOD

Have the link to the VOD?

Description

Time

  • Played on: Sept. 6, 2019, 8:54 p.m.
  • Length: 11:42
Show
View Real Time Build Order
Export as new Build Order

Lambo Zerg - Winner!

Build Orders: Hatch First 

Get SALT Encoding   

  12  0:00  Drone  
  13  0:12  Overlord  
  13  0:16  Drone  
  14  0:31  Drone x2  
  16  0:47  Hatchery  
  16  0:50  Drone  
  16  0:54  Drone  
  18  0:57  Drone  
  18  1:07  Extractor  
  17  1:12  Spawning Pool  
  17  1:16  Drone  
  17  1:18  Drone  
  18  1:28  Drone  
  19  1:39  Drone  
  20  1:50  Overlord  
  20  1:59  Queen x2, Zergling x2  
  20  2:00  Zergling x2  
  26  2:10  Drone  
  26  2:11  Drone  
  28  2:25  Hatchery  
  28  2:27  Drone x2  
  29  2:31  Drone  
  29  2:35  Drone  
  31  2:38  Pneumatized Carapace  
  31  2:45  Metabolic Boost  
  31  2:48  Drone  
  31  2:50  Overlord  
  32  2:55  Drone  
  32  2:57  Drone  
  34  3:02  Queen  
  36  3:10  Drone x3  
  39  3:16  Drone x2  
  39  3:18  Overlord  
  41  3:23  Queen  
  43  3:29  Drone  
  44  3:37  Queen, Drone x2  
  44  3:38  Drone x2  
  50  3:41  Drone  
  50  3:47  Overlord  
  51  3:54  Zergling x8  
  55  3:57  Overlord  
  55  3:58  Spine Crawler  
  55  3:59  Overlord  
  54  4:04  Baneling Nest, Overlord  
  54  4:08  Overlord  
  54  4:12  Zergling x2  
  54  4:13  Zergling x4  
  57  4:17  Zergling x4  
  57  4:20  Queen  
  57  4:22  Zergling x4  
  63  4:27  Zergling x2  
  64  4:33  Zergling x10  
  69  4:40  Zergling x2  
  69  4:43  Zergling x4  
  65  4:49  Zergling x2  
  65  4:51  Zergling x2  
  65  4:52  Baneling x2  
  66  4:53  Zergling x2  
  66  4:54  Zergling x6  
  66  4:57  Zergling x2  
  67  5:02  Zergling x4  
  67  5:06  Drone x3  
  67  5:07  Queen  
  67  5:08  Queen  
  67  5:10  Drone  
  67  5:13  Spore Crawler  
  69  5:14  Spore Crawler  
  69  5:15  Spore Crawler  
  69  5:18  Drone x3  
  70  5:24  Drone  
  70  5:26  Drone  
  73  5:28  Drone  
  73  5:35  Drone  
  74  5:37  Lair  
  74  5:38  Drone  
  74  5:40  Drone  
  74  5:41  Overlord, Drone x2  
  78  5:45  Drone  
  78  5:48  Drone x2  
  78  5:49  Drone  
  81  5:51  Drone  
  81  5:52  Drone  
  81  5:55  Extractor  
  78  5:57  Drone  
  78  6:01  Drone x4  
  78  6:04  Drone  
  79  6:09  Extractor  
  79  6:10  Evolution Chamber x2, Drone  
  75  6:12  Drone  
  75  6:15  Drone  
  73  6:25  Extractor  
  73  6:27  Drone x8  
  73  6:30  Extractor, Hatchery  
  78  6:33  Extractor  
  78  6:35  Drone  
  78  6:38  Zerg Ground Armor Level 1, Zerg Melee Weapons Level 1  
  78  6:40  Centrifical Hooks  
  78  6:47  Overseer  
  78  6:48  Zergling x10  
  78  6:49  Zergling x2  
  84  6:57  Zergling x4  
  84  6:58  Drone x3  
  89  7:02  Hydralisk Den  
  89  7:03  Drone x2  
  89  7:04  Overlord  
  89  7:05  Zergling x4  
  89  7:06  Zergling x2  
  89  7:07  Drone x2  
  95  7:10  Overlord  
  95  7:17  Drone  
  95  7:22  Drone x4  
  100  7:24  Zergling x6  
  100  7:26  Drone x3  
  100  7:29  Drone  
  107  7:33  Drone x2  
  107  7:34  Muscular Augments  
  107  7:36  Baneling x5  
  107  7:37  Infestation Pit, Baneling  
  107  7:41  Queen  
  104  7:47  Drone x4  
  104  7:49  Spore Crawler  
  107  7:55  Zergling x22  
  118  8:03  Queen  
  120  8:08  Extractor  
  120  8:09  Drone  
  120  8:12  Overlord x2  
  120  8:14  Overlord  
  120  8:23  Overlord  
  120  8:26  Overlord  
  120  8:29  Hive  
  120  8:31  Overlord  
  120  8:32  Baneling x5  
  120  8:33  Hatchery  
  119  8:34  Hydralisk x2  
  119  8:35  Hydralisk, Zergling x20  
  135  8:42  Hydralisk  
  135  8:43  Hydralisk x3  
  141  8:51  Zerg Melee Weapons Level 2, Zerg Ground Armor Level 2  
  141  8:54  Hydralisk x2  
  141  8:55  Hydralisk x2  
  149  8:57  Overlord  
  149  8:58  Overlord  
  149  9:03  Zergling x6  
  150  9:21  Hydralisk x2  
  150  9:22  Zergling x26  
  167  9:29  Overlord  
  167  9:32  Drone  
  167  9:33  Overlord  
  167  9:34  Overlord  
  166  9:41  Overlord  
  166  9:43  Adrenal Glands  
  166  9:44  Spore Crawler  
  166  9:45  Ultralisk Cavern  
  164  9:46  Grooved Spines  
  164  9:51  Viper x3  
  173  9:54  Zergling x28  
  186  10:01  Zergling x14  
  185  10:07  Zergling x8  
  185  10:14  Drone  
  188  10:24  Hydralisk x2  
  188  10:26  Baneling x11  
  188  10:27  Hatchery  
  191  10:31  Drone x2  
  193  10:37  Overlord  
  193  10:38  Baneling x7  
  193  10:39  Baneling x8  
  192  10:44  Overlord  
  192  10:46  Baneling x6  
  192  10:48  Hydralisk  
  189  10:52  Overseer  
  189  11:02  Zergling x6  
  189  11:03  Drone x2  
  183  11:05  Zergling x28  
  197  11:17  Zergling x4  
  197  11:18  Baneling x3  
  199  11:24  Zergling x4  
Show
View Real Time Build Order
Export as new Build Order

HeRoMaRinE Terran 

Build Orders: Gas First Reaper Expand, Hellion Banshee 

Get SALT Encoding   

  12  0:00  SCV  
  13  0:12  SCV  
  14  0:17  Supply Depot  
  14  0:24  SCV  
  15  0:29  Refinery  
  15  0:39  SCV  
  16  0:44  Barracks  
  16  0:51  SCV  
  17  1:03  SCV  
  18  1:15  SCV  
  19  1:31  Orbital Command, Reaper  
  20  1:41  Command Center  
  20  1:52  Factory  
  20  1:56  SCV  
  21  2:07  Barracks Reactor  
  21  2:08  SCV  
  21  2:12  Supply Depot  
  21  2:14  Refinery  
  22  2:20  SCV  
  23  2:34  SCV  
  24  2:46  SCV  
  24  2:47  Starport  
  24  2:50  Hellion x2  
  29  2:53  Marine, Orbital Command  
  30  2:58  SCV  
  31  3:10  Marine, SCV  
  31  3:11  Hellion  
  35  3:16  Hellion  
  35  3:19  SCV  
  38  3:23  Medivac  
  41  3:29  Armory  
  41  3:30  Marine  
  41  3:37  Hellion x2  
  45  3:41  Supply Depot  
  45  3:42  SCV  
  46  3:56  Starport Tech Lab  
  46  4:03  SCV x2  
  46  4:05  Supply Depot, Hellion x2  
  52  4:15  Cloaking Field, SCV x2  
  54  4:19  Supply Depot  
  54  4:26  Banshee  
  54  4:27  SCV x2  
  59  4:34  Hellion  
  59  4:35  Barracks Tech Lab  
  61  4:39  SCV  
  61  4:40  SCV  
  61  4:41  Hellion  
  55  4:51  SCV  
  55  4:52  SCV  
  53  4:53  Orbital Command  
  45  5:01  Hellion  
  45  5:03  SCV, Hellion  
  41  5:09  Banshee  
  43  5:16  SCV  
  43  5:18  Marine, Stimpack  
  43  5:20  SCV  
  44  5:25  Hellion  
  44  5:28  SCV  
  45  5:32  SCV  
  46  5:38  Command Center, Factory Reactor  
  46  5:40  SCV  
  47  5:45  SCV  
  48  5:52  SCV  
  48  5:54  Banshee  
  53  5:57  SCV  
  50  6:13  Supply Depot  
  50  6:14  SCV, Supply Depot  
  46  6:21  Barracks  
  46  6:27  Barracks  
  46  6:32  Factory Reactor  
  46  6:35  Marine, SCV x2  
  49  6:47  SCV x2, Engineering Bay  
  49  6:48  Starport Reactor, Engineering Bay  
  49  6:50  Orbital Command  
  49  6:52  Marine  
  52  6:57  Combat Shield  
  52  6:59  SCV x2  
  52  7:01  Barracks  
  54  7:03  Barracks  
  54  7:09  Marine x2  
  54  7:10  Marine  
  54  7:11  SCV x2  
  54  7:14  Terran Infantry Armor Level 1, Terran Infantry Weapons Level 1  
  59  7:17  SCV  
  59  7:18  Refinery  
  59  7:19  Refinery  
  59  7:22  Marine  
  61  7:23  Marine, SCV x2  
  61  7:27  Marine  
  61  7:29  Marine x2, SCV  
  68  7:31  Medivac  
  68  7:32  Medivac  
  68  7:35  SCV x2  
  74  7:41  Marine  
  74  7:42  Marine  
  76  7:47  Widow Mine x2  
  76  7:49  SCV x2  
  79  7:51  Barracks Reactor x2  
  79  7:53  Marine x2  
  79  7:54  Marine, Supply Depot  
  79  7:56  Supply Depot  
  82  7:59  Marine x2  
  82  8:01  SCV  
  82  8:04  Orbital Command  
  85  8:16  Marine x3, SCV x2  
  85  8:19  Marine x2  
  96  8:20  Widow Mine x2  
  96  8:21  Supply Depot  
  96  8:26  Factory, Supply Depot  
  96  8:28  SCV x2  
  96  8:30  SCV  
  96  8:33  Marine  
  100  8:40  SCV  
  101  8:43  SCV x2, Medivac  
  101  8:47  Marine x2  
  101  8:48  Marine  
  107  8:52  SCV  
  107  8:53  Marine x2  
  107  8:55  SCV x2, Supply Depot  
  112  8:57  Supply Depot  
  112  8:58  Marine x3  
  112  8:59  Marine  
  116  9:07  Marine  
  116  9:08  SCV  
  117  9:12  Marine  
  117  9:13  Supply Depot  
  117  9:14  Terran Infantry Armor Level 2, Supply Depot, Terran Infantry Weapons Level 2  
  117  9:16  Marine  
  117  9:17  SCV x2  
  119  9:18  Refinery  
  119  9:20  SCV  
  119  9:23  Marine x2  
  123  9:24  Drilling Claws  
  123  9:27  Widow Mine x2  
  123  9:28  Widow Mine  
  123  9:29  Marine, SCV, Medivac  
  133  9:34  Marine x2  
  133  9:35  Marine  
  136  9:38  Medivac  
  136  9:40  Supply Depot  
  136  9:42  Marine x4, Supply Depot  
  142  9:47  Marine x2, Supply Depot  
  142  9:52  Marine  
  144  9:54  Widow Mine  
  144  9:55  Widow Mine  
  149  10:02  Widow Mine  
  149  10:04  Command Center  
  147  10:09  Marine x3  
  147  10:11  Marine x3, Medivac  
  151  10:15  Marine x2, Marauder  
  155  10:24  Widow Mine x3  
  155  10:26  Medivac  
  155  10:27  Marine x3  
  166  10:32  Marine  
  166  10:33  Marine  
  168  10:44  Barracks  
  168  10:45  Barracks  
  168  10:46  Marine, Barracks  
  168  10:47  Marine x2  
  155  10:51  Marine  
  155  10:52  Marine x4  
  155  10:54  Medivac, Widow Mine x3  
  166  10:57  Marine  
  161  11:04  Marine  
  161  11:05  Marine x2  
  164  11:15  Marine, Widow Mine x2  
  164  11:16  Marine x3  
  164  11:17  Widow Mine  
  174  11:18  SCV x3  
Tags
 
Add a new tag
Caveats
  • Supply blocks, unpowered buildings, or Contaminate may cause inaccurate times.
  • Supply counts are checked every 10 seconds.